 Dungeon Crawl Stone Soup version 0.23.2-33-g5129a83 (webtiles) character file.

Game seed: 8600488870278448002

765 Aphrodieselac the Infuser (level 7, -8/50 HPs)
             Began as a Merfolk Skald on Aug 8, 2019.
             Was an Initiate of Okawaru.
             Mangled by a slave (9 damage)
             ... led by Pikel
             ... on level 5 of the Dungeon.
             The game lasted 00:19:43 (4443 turns).

Aphrodieselac the Infuser (Merfolk Skald)           Turns: 4443, Time: 00:19:44

Health: -8/50      AC:  7    Str: 11    XL:     7   Next: 81%
Magic:  8/19       EV: 12    Int: 20    God:    Okawaru [......]
Gold:   109        SH:  0    Dex: 14    Spells: 2/10 levels left

rFire    . . .     SeeInvis .   v - +0 trident
rCold    . . .     Gourm    +   (no shield)
rNeg     . . .     Faith    .   z - +2 leather armour "Qyjual" {Int+6}
rPois    .         Spirit   .   (no helmet)
rElec    .         Reflect  .   (no cloak)
rCorr    .         Harm     .   e - +0 pair of gloves
MR       .....                  q - +0 pair of boots
Stlth    +.........             p - amulet of the gourmand
HPRegen  0.16/turn              i - ring of flight
MPRegen  0.16/turn              B - ring of magical power

@: infused
A: change form in water, swift swim, stealthy swim
a: Renounce Religion, Evoke Flight


You were on level 5 of the Dungeon.
You worshipped Okawaru.
Okawaru was noncommittal.
You were completely stuffed.

You visited 2 branches of the dungeon, and saw 6 of its levels.

You collected 277 gold pieces.
You spent 168 gold pieces at shops.

Inventory:

Hand Weapons
 v - a +0 trident (weapon)
Missiles
 j - 10 poisoned needles
 y - 6 steel tomahawks (quivered)
Armour
 b - a +0 leather armour
 e - a +0 pair of gloves (worn)
 q - a +0 pair of boots (worn)
 z - the +2 leather armour "Qyjual" (worn) {Int+6}
   (You bought it in a shop on level 5 of the Dungeon)

   It affects your intelligence (+6).
Jewellery
 i - a ring of flight (left hand)
 p - an amulet of the gourmand (around neck)
 B - a ring of magical power (right hand)
Scrolls
 a - a scroll of magic mapping {unknown}
 c - a scroll of amnesia {unknown}
 f - 4 scrolls of teleportation
 h - a scroll of fear {unknown}
 l - 4 scrolls of identify
 r - a scroll of blinking {unknown}
 t - a scroll of enchant armour {unknown}
 u - 3 scrolls of remove curse
Potions
 g - a potion of flight
 k - 2 potions of might {unknown}
 m - 2 potions of heal wounds {unknown}
 n - a potion of brilliance {unknown}
 o - a potion of ambrosia {unknown}
 s - a potion of degeneration {unknown}
 w - a potion of curing {unknown}
 x - 2 potions of haste {unknown}
 A - a potion of magic {unknown}
Comestibles
 d - 7 rations
 C - a chunk of flesh


   Skills:
 - Level 2.1 Fighting
 + Level 7.5 Polearms
 - Level 0.6 Armour
 - Level 2.6 Dodging
 - Level 2.0 Spellcasting
 * Level 8.2 Charms


You had 2 spell levels left.
You knew the following spells:

 Your Spells              Type           Power        Failure   Level  Hunger
a - Infusion              Chrm           ####         1%          1    #......
b - Song of Slaying       Chrm           #####...     1%          2    ##.....
c - Shroud of Golubria    Chrm/Tloc      ###.......   6%          2    ##.....
d - Spectral Weapon       Hex/Chrm       ###.....     12%         3    ###....

Your spell library contained the following spells:

 Spells                   Type           Power        Failure   Level  Hunger
 Regeneration             Chrm/Necr      ###.......   12%         3    ###....


Dungeon Overview and Level Annotations

Branches:
Dungeon (5/15)             Temple (1/1) D:5

Altars:
Ashenzari
Cheibriados
Elyvilon
Fedhas
Hepliaklqana
Kikubaaqudgha
Nemelex Xobeh
Okawaru
Ru
Trog
Vehumet
Xom
Yredelemnul
The Shining One

Shops:
D:5 [

Annotations:
D:4 Grinder, Ijyb


Message History

The slave is heavily wounded.
The slave closely misses you.
You hit the slave.
The slave is heavily wounded.
The slave misses you.
You hit the slave.
The slave is heavily wounded.
The slave misses you.
You hit the slave.
The slave is almost dead.
The slave hits you.
* * * LOW HITPOINT WARNING * * *
You hit the slave.
The slave is almost dead.
The slave hits you.
* * * LOW HITPOINT WARNING * * *
You hit the slave.
The slave is almost dead.
The slave hits you!
You die...

#..# ##...## #..
#..## #....# ##.#
#...###....# #..#
#..........## ##.##
#.....####..#####..#
#...(## ##..#.....##
###...## ##........#
#....)## #......#..
##...p@# #......##.
##$....# #.....####
#..#..## #.....# #
#.####..# #.....# #.
#..# #.....# #.
#...##.....###. #.
#.............
##...........#
##........####


You could see a slave.

Vanquished Creatures
  3 slaves (D:4)
  An ogre (D:4)
  A black bear (D:4)
  A centaur (D:5)
  A scorpion (D:2)
  A bullfrog zombie (D:5)
  A crimson imp (D:3)
  A bullfrog skeleton (D:5)
  A hound (D:4)
  A jelly (D:5)
  An orc priest (D:3)
  2 orc wizards
  2 worker ants (D:4)
  10 adders
  A shadow imp (D:5)
  2 oozes
  A worm (D:4)
  4 dart slugs
  A leopard gecko (D:1)
  8 orcs
  2 ball pythons
  9 hobgoblins
  3 jackals
  4 bats
  3 frilled lizards
  10 goblins
  5 kobolds
  9 rats
89 creatures vanquished.

Notes
Turn   | Place    | Note
-------+----------+-------------------------------------------
     0 | D:1      | Aphrodieselac the Merfolk Skald began the quest for the
                  | Orb.
     0 | D:1      | Reached XP level 1. HP: 16/16 MP: 3/3
   249 | D:1      | Reached XP level 2. HP: 22/22 MP: 5/5
   336 | D:1      | Reached skill level 4 in Charms
   663 | D:2      | Reached XP level 3. HP: 23/27 MP: 0/6
   875 | D:2      | Found a blossoming altar of Fedhas.
   875 | D:2      | Found an ancient bone altar of Kikubaaqudgha.
  1069 | D:2      | Found a bloodstained altar of Trog.
  1187 | D:2      | Reached XP level 4. HP: 22/33 MP: 3/7
  1351 | D:3      | Learned a level 2 spell: Song of Slaying
  1354 | D:3      | Learned a level 2 spell: Shroud of Golubria
  1438 | D:3      | Reached skill level 5 in Charms
  1599 | D:3      | Reached XP level 5. HP: 33/38 MP: 4/8
  1910 | D:3      | Reached skill level 5 in Polearms
  2229 | D:3      | Found a white marble altar of Elyvilon.
  2704 | D:2      | Reached skill level 6 in Charms
  2704 | D:2      | Reached XP level 6. HP: 39/44 MP: 4/9
  2814 | D:4      | Noticed a slave
  2816 | D:4      | Noticed a slave
  2816 | D:4      | Noticed a slave
  2816 | D:4      | Noticed a slave
  2851 | D:4      | Killed a slave
  2863 | D:4      | Killed a slave
  2933 | D:4      | Killed a slave
  3209 | D:4      | Learned a level 3 spell: Spectral Weapon
  3379 | D:4      | Reached skill level 7 in Charms
  3435 | D:4      | Noticed a black bear
  3445 | D:4      | Killed a black bear
  3445 | D:4      | Reached XP level 7. HP: 46/50 MP: 1/10
  3455 | D:4      | Found a sacrificial altar of Ru.
  3524 | D:4      | Noticed Grinder
  3532 | D:4      | Noticed Ijyb
  3560 | D:5      | Entered Level 5 of the Dungeon
  3614 | D:5      | Found Vikk's Antique Armour Shoppe.
  3798 | D:5      | Bought a heavily runed leather armour for 168 gold pieces
  3809 | D:5      | Identified the +2 leather armour "Qyjual" {Int+6} (You
                  | bought it in a shop on level 5 of the Dungeon)
  3905 | D:5      | Found a hazy altar of Hepliaklqana.
  3937 | D:5      | Found a staircase to the Ecumenical Temple.
  3946 | Temple   | Entered the Ecumenical Temple
  3991 | Temple   | Became a worshipper of Warmaster Okawaru
  4024 | D:5      | Reached skill level 8 in Charms
  4336 | D:5      | Found a snail-covered altar of Cheibriados.
  4442 | D:5      | HP: 1/50 [slave[Pikel] (2)]
  4443 | D:5      | Mangled by a slave

Skill      XL: |  1  2  3  4  5  6  7 |
---------------+----------------------+-----
Charms         | 4 5 6 7 8 |  8.2
Polearms       | 4 5 6 7 |  7.5
Fighting       | |  2.1
Armour         | |  0.6
Dodging        | |  2.6
Spellcasting   | |  2.0

Action                   |  1- 3 |  4- 6 |  7- 9 || total
-------------------------+-------+-------+-------++-------
Melee: Spear             |   113 |   134 |       ||   247
       Trident           |       |   145 |    79 ||   224
 Cast: Infusion          |     5 |    13 |     6 ||    24
       Shroud of Golubri |       |     4 |     2 ||     6
  Use: Scroll            |       |       |     3 ||     3
 Stab: Distracted        |     1 |       |       ||     1
  Eat: Chunk             |     7 |    15 |     4 ||    26
Armor: Leather armour    |    20 |    61 |    24 ||   105
Dodge: Dodged            |    51 |   130 |    44 ||   225
